 Dungeon Crawl Stone Soup version 0.30.1-11-g7821555f0a (webtiles) character file.

Game seed: 9173361650187062960

4869 Ekaitz the Zephyrmancer (level 10, -1/59 HPs)
             Began as a Tengu Air Elementalist on Dec 22, 2023.
             Was a Follower of Vehumet.
             Slain by a steam dragon (5 damage)
             ... on level 8 of the Dungeon.
             The game lasted 00:19:29 (9256 turns).

Ekaitz the Zephyrmancer (Tengu Air Elementalist)    Turns: 9256, Time: 00:19:29

Health: -1/59      AC:  5    Str:  8    XL:     10   Next: 50%
Magic:  15/20      EV: 18    Int: 19    God:    Vehumet [*.....]
Gold:   434        SH:  0    Dex: 16    Spells: 11/21 levels left

rFire   . . .        z - +5 dagger (venom)
rCold   . . .        (no shield)
rNeg    + + .        I - +1 robe {rN+}
rPois   .            (helmet restricted)
rElec   .            C - +0 cloak
rCorr   .            J - +0 pair of gloves
SInv    .            (boots unavailable)
Will    .....        (no amulet)
Stlth   ++           x - ring of positive energy
HPRegen 0.29/turn    (no ring)
MPRegen 0.17/turn

%: no passive effects
@: flying quickly and evasively, quick
A: beak, talons 3, nimble flight
a: Renounce Religion


You were on level 8 of the Dungeon.
You worshipped Vehumet.
Vehumet was aware of your devotion.
You visited 2 branches of the dungeon, and saw 9 of its levels.

You collected 434 gold pieces.

Inventory:

Hand Weapons
 a - a +6 short sword
 e - a +0 dagger of electrocution
 z - a +5 dagger of venom (weapon)
 E - a +4 scimitar
 K - a +0 heavy scimitar
Missiles
 i - a silver boomerang
 n - 23 poisoned darts
 o - 3 atropa-tipped darts
Armour
 B - a +3 leather armour
 C - a +0 cloak (worn)
 I - a +1 robe of positive energy (worn)
 J - a +0 pair of gloves (worn)
Jewellery
 x - a ring of positive energy (left hand)
Wands
 m - a wand of polymorph (14)
 q - a wand of iceblast (9)
 L - a wand of charming (10)
Scrolls
 c - a scroll of silence {unknown}
 g - a scroll of poison {unknown}
 j - a scroll of enchant armour {unknown}
 l - a scroll of immolation {unknown}
 r - 5 scrolls of teleportation {unknown}
 s - 2 scrolls of blinking {unknown}
 t - 2 scrolls of fear {unknown}
 u - a scroll of noise {unknown}
 y - 5 scrolls of identify {unknown}
 D - a scroll of summoning {unknown}
 F - a scroll of enchant weapon {unknown}
 G - a scroll of fog {unknown}
Potions
 b - a potion of magic
 d - 2 potions of haste
 f - a potion of heal wounds
 h - 5 potions of degeneration {unknown}
 k - 4 potions of flight {unknown}
 p - 2 potions of brilliance
 v - 5 potions of mutation {unknown}
 w - 3 potions of curing
 A - 2 potions of lignification {unknown}
 H - a potion of attraction {unknown}


   Skills:
 * Level 5.4 Fighting
 + Level 2.1 Short Blades
 * Level 6.2 Dodging
 + Level 3.3 Stealth
 + Level 6.1 Spellcasting
 * Level 8.3 Conjurations
 * Level 12.2 Air Magic


You had 11 spell levels left.
You knew the following spells:

 Your Spells              Type           Power      Damage    Failure   Level
a - Shock                 Conj/Air       100%       1d9       1%          1
b - Static Discharge      Conj/Air       88%        2-6/arc   1%          2
c - Swiftness             Air            51%        N/A       1%          3
d - Airstrike             Air            25%        2d(4-20)  1%          4

Your spell library contained the following spells:

 Spells                   Type           Power      Damage    Failure   Level
 Kiss of Death            Conj/Necr      84%        2d11      1%          1
 Momentum Strike          Conj/Tloc      42%        3d9       3%          2
 Blink                    Tloc           10%        N/A       17%         2
 Lesser Beckoning         Tloc           10%        N/A       17%         2
 Portal Projectile        Hex/Tloc       10%        N/A       32%         3
 Tukima's Dance           Hex            5%         N/A       32%         3
 Animate Dead             Necr           5%         N/A       73%         4
 Petrify                  Tmut/Erth      5%         N/A       73%         4
 Blade Hands              Tmut           2%         N/A       97%         5
 Metabolic Englaciation   Hex/Ice        2%         N/A       97%         5
 Statue Form              Tmut/Erth      3%         N/A       100%        6
 Haunt                    Necr/Summ      2%         N/A       100%        7
 Infestation              Necr           2%         N/A       100%        8


Dungeon Overview and Level Annotations

Branches:
Dungeon (8/15)             Temple (1/1) D:5
   Lair: D:8-11

Altars:
Ashenzari
Elyvilon
Fedhas
Gozag
Hepliaklqana
Kikubaaqudgha
Makhleb
Nemelex Xobeh
Ru
Sif Muna
Uskayaw
Vehumet
Wu Jian
Xom
The Shining One

Shops:
D:1 !   D:3 *


Innate Abilities, Weirdness & Mutations

You have a beak for a mouth.
You have claws for feet.
Your magical nature lets you fly swiftly and evasively.


Message History

You feel yourself speed up. The hornet stings you!
You feel yourself slow down. The hornet barely misses you.
Casting: Static Discharge (safe; 1% risk of failure)
Confirm with . or Enter, or press ? or * to list all spells.
The hornet is struck by an arc of lightning.
The hornet is almost dead.
You are struck by an arc of lightning.
The hornet is struck by an arc of lightning!
You kill the hornet!
Vehumet accepts your kill.
Vehumet offers you knowledge of Kiss of Death.
The lightning grounds out.
Unknown command.
Casting: Static Discharge (safe; 1% risk of failure)
Confirm with . or Enter, or press ? or * to list all spells.
The steam dragon is struck by an arc of lightning.
The steam dragon is lightly wounded.
You are struck by an arc of lightning.
The steam dragon is struck by an arc of lightning!
The steam dragon is moderately wounded.
You are struck by an arc of lightning.
The lightning grounds out.
The steam dragon breathes steam at you. The ball of steam hits you!
* * * LOW HITPOINT WARNING * * *
You hear a shout!
You hit the steam dragon.
The steam dragon is poisoned.
Your kick misses the steam dragon.
The steam dragon is heavily wounded.
You are engulfed in a cloud of scalding steam.
* * * LOW HITPOINT WARNING * * *
You feel yourself speed up. The steam dragon misses you.
The steam dragon completely misses you. The steam dragon bites you.
* * * LOW HITPOINT WARNING * * *
The steam dragon claws you.
* * * LOW HITPOINT WARNING * * *
Unknown command.
The steam dragon misses you. The steam dragon claws you.
You die...

...# ##.....##.......# .
...###...............##..
....###..................
......#..................
......#.................
##....................#
###.#......###.##...####
####..#[.....D§.§.....
##...#......@.§....#
#.......#...§§§......
##......##....###....
##.....##..### ...
##.....#### . ###....#
##..## ##.# ###


You could see a steam dragon (very poisoned).

Vanquished Creatures
  Maggie (D:7)
  A hornet (D:8)
  Prince Ribbit (D:7)
  Sigmund (D:3)
  2 steam dragons (D:8)
  The ghost of leoleoleoleo212121 the Shooter, an amateur HuHu (D:3)
  Menkaure (D:6)
  2 water moccasins (D:5)
  Duvessa (D:4)
  2 orc warriors
  4 ice beasts
  2 sky beasts
  A black bear (D:3)
  2 ogres
  A centaur (D:7)
  A phantom (D:4)
  Blork the orc (D:6)
  A kobold brigand (D:6)
  A bullfrog (D:7)
  2 scorpions
  4 wights (D:6)
  Dowan (D:4)
  5 killer bees (D:7)
  A howler monkey (D:5)
  4 hounds
  3 jellies
  A gnoll bouda (D:7)
  7 orc priests
  2 sleepcaps
  Crazy Yiuf (D:2)
  Jessica (D:3)
  6 iguanas
  Ijyb (D:3)
  Natasha (thrice) (D:2)
  5 orc wizards
  Robin (D:2)
  5 gnolls (D:7)
  11 adders
  2 white imps
  An ufetubus (D:5)
  A worm (D:3)
  5 dart slugs
  18 orcs
  5 bats
  8 endoplasms
  7 giant cockroaches
  19 goblins
  9 hobgoblins
  7 jackals (D:1)
  10 kobolds
  7 quokkas
  7 ball pythons
  3 frilled lizards
  5 rats
  A spectral hobgoblin (D:1)
206 creatures vanquished.

Notes
Turn   | Place    | Note
-------+----------+-------------------------------------------
     0 | D:1      | Ekaitz the Tengu Air Elementalist began the quest for the
                  | Orb.
     0 | D:1      | Reached XP level 1. HP: 10/10 MP: 4/4
   270 | D:1      | Reached XP level 2. HP: 15/15 MP: 4/6
   277 | D:1      | Learned a level 2 spell: Static Discharge
   647 | D:1      | Reached skill level 5 in Air Magic
   753 | D:1      | Reached XP level 3. HP: 19/20 MP: 2/7
   757 | D:1      | Learned a level 3 spell: Swiftness
   824 | D:1      | Found a faded altar of an unknown god.
  1123 | D:1      | Found Soejosch's Distillery.
  1310 | D:2      | Noticed Robin
  1421 | D:2      | Reached XP level 4. HP: 24/24 MP: 2/8
  1546 | D:2      | Noticed Natasha
  1553 | D:2      | Killed Natasha
  1617 | D:2      | Noticed Natasha
  1623 | D:2      | Killed Natasha
  1624 | D:2      | Gained mutation: Your magical nature lets you fly swiftly
                  | and evasively. [Tengu growth]
  1624 | D:2      | Reached XP level 5. HP: 7/28 MP: 1/9
  1625 | D:2      | Reached skill level 1 in Fighting
  1776 | D:2      | Killed Robin
  1972 | D:2      | Noticed Natasha
  1976 | D:2      | Killed Natasha
  2386 | D:2      | Found a runed translucent door.
  2387 | D:2      | Noticed Crazy Yiuf
  2616 | D:3      | Noticed Jessica
  2621 | D:3      | Killed Jessica
  2622 | D:3      | Noticed Sigmund
  2667 | D:3      | Killed Sigmund
  2668 | D:3      | Reached skill level 5 in Conjurations
  2668 | D:3      | Reached skill level 6 in Air Magic
  2668 | D:3      | Reached XP level 6. HP: 17/35 MP: 3/11
  2693 | D:3      | Noticed an ice beast
  2884 | D:3      | Killed an ice beast
  2885 | D:3      | Reached XP level 7. HP: 40/40 MP: 0/12
  2893 | D:3      | Learned a level 4 spell: Airstrike
  3005 | D:3      | Found Jugay's General Store.
  3224 | D:3      | Found a runed translucent gate.
  3224 | D:3      | Found a runed translucent gate.
  3225 | D:3      | Noticed leoleoleoleo212121's ghost (amateur HuHu)
  3226 | D:3      | Found a runed translucent gate.
  3255 | D:3      | Noticed Ijyb
  3264 | D:3      | Killed Ijyb
  3724 | D:4      | Reached skill level 7 in Air Magic
  3788 | D:4      | Noticed Dowan
  4149 | D:4      | Noticed Duvessa
  4167 | D:4      | Killed Duvessa
  4168 | D:4      | Reached XP level 8. HP: 40/45 MP: 4/14
  4171 | D:4      | Killed Dowan
  4617 | D:3      | Killed leoleoleoleo212121's ghost
  4618 | D:3      | Reached skill level 8 in Air Magic
  4808 | D:5      | Entered Level 5 of the Dungeon
  4904 | D:5      | Reached skill level 1 in Short Blades
  5025 | D:5      | Found a staircase to the Ecumenical Temple.
  5030 | Temple   | Entered the Ecumenical Temple
  5115 | Temple   | Became a worshipper of Vehumet
  5506 | D:5      | Reached skill level 9 in Air Magic
  5506 | D:5      | Reached XP level 9. HP: 35/52 MP: 6/16
  6129 | D:2      | Killed Crazy Yiuf
  6344 | D:6      | Reached skill level 5 in Dodging
  6422 | D:6      | Reached skill level 5 in Spellcasting
  6761 | D:6      | Noticed Blork the orc
  6768 | D:6      | Killed Blork the orc
  6921 | D:6      | Found an ornate altar of the Wu Jian Council.
  6976 | D:6      | Noticed Menkaure
  6979 | D:6      | Killed Menkaure
  7071 | D:6      | Reached skill level 10 in Air Magic
  7111 | D:6      | Reached * piety under Vehumet
  7111 | D:6      | Offered knowledge of Magic Dart by Vehumet.
  7535 | D:7      | Noticed Prince Ribbit
  7689 | D:7      | Killed Prince Ribbit
  7855 | D:7      | Reached XP level 10. HP: 58/58 MP: 2/19
  8106 | D:7      | Noticed Maggie
  8107 | D:7      | Reached skill level 11 in Air Magic
  8112 | D:7      | Reached skill level 5 in Fighting
  8466 | D:7      | Killed Maggie
  9038 | D:8      | Reached skill level 12 in Air Magic
  9253 | D:8      | Offered knowledge of Kiss of Death by Vehumet.
  9256 | D:8      | Slain by a steam dragon

Illustrated notes

Levels and vault maps discovered:
D:1:      dpeg_arrival_boxes_within_box, layout_basic, serial_shops, shop,
          dreamdust_ecumenical_altar_drowned_temple
D:2:      layout_basic, guppyfry_early_orc_mine, uniq_crazy_yiuf_cottage,
          uniq_robin, uniq_natasha
D:3:      layout_rooms, serial_shops, nicolae_shop_real_fake_doors,
          gammafunk_ghost_split, uniq_ijyb, uniq_jessica, uniq_sigmund
D:4:      layout_rooms, minmay_fractal_squares_diagonal_5, uniq_duvessa
D:5:      minmay_opposing_rooms, layout_loops_ring,
          minmay_temple_entry_glassed_door
D:6:      layout_loops_ring, marbit_many_paths, uniq_blork_the_orc,
          uniq_menkaure
D:7:      layout_cave_pools, uniq_maggie, uniq_prince_ribbit1
D:8:      layout_cave_pools, kennysheep_little_box
Temple:   nicolae_temple_superstar

Skill      XL: |  1  2  3  4  5  6  7  8  9 10 |
---------------+-------------------------------+-----
Air Magic      | 5 6 7 9 10 12 | 12.2
Conjurations   | 2 3 5 6 7 8 |  8.3
Fighting       | 1 2 3 4 5 |  5.4
Dodging        | 3 4 5 6 |  6.2
Spellcasting   | 3 4 5 6 |  6.1
Short Blades   | 1 2 |  2.1
Stealth        | 3 |  3.3

Action                     |  1- 3 |  4- 6 |  7- 9 | 10-12 || total
---------------------------+-------+-------+-------+-------++-------
  Melee: Dagger            |     5 |    16 |    68 |    32 ||   121
         Kick              |     3 |     4 |    20 |    13 ||    40
         Peck              |     2 |     5 |    13 |     9 ||    29
         Punch             |       |       |     1 |       ||     1
  Throw: Dart              |       |       |     1 |       ||     1
   Cast: Shock             |    74 |    78 |   129 |    18 ||   299
         Static Discharge  |     4 |    12 |    28 |    10 ||    54
         Airstrike         |       |       |    29 |    25 ||    54
         Swiftness         |       |       |     1 |       ||     1
    Use: Potion            |       |       |       |     1 ||     1
   Stab: Sleeping          |     1 |     2 |     6 |     1 ||    10
 Armour: Robe              |     2 |     1 |    14 |     9 ||    26
  Dodge: Dodged            |    18 |    35 |    74 |    43 ||   170
